 Dungeon Crawl Stone Soup version 0.28-a0-1152-g9c71ebef14 (webtiles) character file.

Game seed: 10597480074754914113

42 lonewolfV2 the Skirmisher (level 3, 0/43 HPs)
             Began as a Demonspawn Berserker on Dec 14, 2021.
             Was a Follower of Trog.
             Slain by an orc (1 damage)
             ... on level 3 of the Dungeon.
             The game lasted 00:04:07 (2427 turns).

lonewolfV2 the Skirmisher (Demonspawn Berserker)    Turns: 2427, Time: 00:04:07

Health: 0/43       AC:  2    Str: 17    XL:     3   Next: 35%
Magic:  3/3        EV: 12    Int:  8    God:    Trog [*.....]
Gold:   186        SH:  0    Dex: 14    Spells: 2/2 levels left

rFire   . . .      SeeInvis .   a - +1 hand axe
rCold   . . .      Faith    .   (no shield)
rNeg    . . .      Spirit   .   b - +0 animal skin
rPois   .          Reflect  .   (no helmet)
rElec   .          Harm     .   (no cloak)
rCorr   .          Rampage  .   (no gloves)
Will    .....                   (no boots)
Stlth   ..........              (no amulet)
HPRegen 0.14/turn               (no ring)
MPRegen 0.08/turn               (no ring)

@: berserking (expiring), very quick
A: demonic magic 1
a: Renounce Religion, Berserk


You were on level 3 of the Dungeon.
You worshipped Trog.
Trog was aware of your devotion.
You visited 1 branch of the dungeon, and saw 3 of its levels.

You collected 186 gold pieces.

Inventory:

Hand Weapons
 a - a +1 hand axe (weapon)
Armour
 b - a +0 animal skin (worn)
Scrolls
 f - 2 scrolls of silence
Potions
 d - a potion of heal wounds
 e - a potion of might {unknown}


   Skills:
 + Level 3.6 Fighting
 + Level 3.3 Axes
 + Level 1.8 Armour
 + Level 1.9 Dodging
 + Level 0.4 Stealth


You had 2 spell levels left.
You didn't know any spells.
Your spell library contained the following spells:

 Spells                   Type           Power      Damage    Failure   Level
 Gell's Gravitas          Tloc           0%         N/A       78%         3
 Teleport Other           Tloc           0%         N/A       78%         3
 Dispersal                Tloc           0%         N/A       100%        6


Dungeon Overview and Level Annotations

Branches:
Dungeon (3/15)

Altars:

Shops:
D:1 !   D:2 :


Innate Abilities, Weirdness & Mutations

Spells you cast may paralyse adjacent enemies.


Message History

Your surroundings suddenly seem different. 4 orcs and an orc wizard come into view.
The orc wizard is wielding a +4 dagger of draining.
Found 10 gold pieces.
The orc wizard shouts!
The orc shouts! x3
There are monsters nearby!
A red film seems to cover your vision as you go berserk!
You feel yourself moving faster!
You feel mighty!
The orc shouts!
The orc barely misses you.
You hit the orc.
You kill the orc!
Trog accepts your kill.
Things that are here:
a +0 club; a +0 ring mail You feel a strong urge to attack something.
The orc closely misses you.
The orc wizard mumbles some strange words.
The orc wizard flickers and vanishes!
Deactivating autopickup; reactivate with Ctrl-A.
The orc hits you with a +0 hand axe.
* * * LOW HITPOINT WARNING * * *
The orc misses you.
You slash the orc!
You kill the orc!
Trog accepts your kill.
You hit the orc. x2; The orc hits you with a +0 hand axe.
* * * LOW HITPOINT WARNING * * *
The orc closely misses you.
You see here a +0 hand axe.
You barely miss the orc.
The orc is almost dead.
You hit the orc.
You kill the orc!
Trog accepts your kill.
A magic dart appears from out of thin air!
The magic dart hits you.
* * * LOW HITPOINT WARNING * * *
The orc hits you with a +0 whip.
You die...

#......#######
.............#
............#
...........#
#.........#
#.........#
#.....{...#
#.....)...#
#...o@....#
#.........#
#...$.....#
###########


You could see an orc.

Vanquished Creatures
  An adder (D:2)
  3 orcs (D:3)
  4 endoplasms
  5 goblins
  4 hobgoblins
  A quokka (D:1)
  2 ball pythons (D:2)
  5 bats
  2 frilled lizards
  3 kobolds
  2 rats (D:2)
32 creatures vanquished.

Notes
Turn   | Place    | Note
-------+----------+-------------------------------------------
     0 | D:1      | lonewolfV2 the Demonspawn Berserker began the quest for the
                  | Orb.
     0 | D:1      | Reached XP level 1. HP: 18/18 MP: 1/1
    49 | D:1      | Found Zynn's Distillery.
   770 | D:1      | Gained mutation: Spells you cast may paralyse adjacent
                  | enemies. [demonic ancestry]
   770 | D:1      | Reached XP level 2. HP: 13/24 MP: 2/2
  1004 | D:1      | You fall into a shaft and drop 1 floor!
  1663 | D:2      | Found Raipong's Book Boutique.
  1672 | D:2      | Reached XP level 3. HP: 29/29 MP: 3/3
  2354 | D:3      | Found a faded altar of an unknown god.
  2427 | D:3      | HP: 1/43 [something/magic dart (4)]
  2427 | D:3      | Slain by an orc

Illustrated notes

Levels and vault maps discovered:
D:1:      evilmike_arrival_grusome_pit, layout_basic, serial_shops,
          nicolae_shop_crystal
D:2:      layout_basic, serial_shops, shop, minivault_5,
          chequers_decorated_corner, chequers_serial_rivers_large_a
D:3:      layout_basic, gammafunk_ghost_grave, serial_shops, nicolae_shop_stone,
          dreamdust_ecumenical_altar_grove, corexii_item_surrounded_by_moat,
          due_unseen_surprise

Skill      XL: |  1  2 |
---------------+-------+-----
Axes           | 3 |  3.3
Fighting       | |  3.6
Armour         | |  1.8
Dodging        | |  1.9
Stealth        | |  0.4

Action                   || total
-------------------------++-------
Melee: Hand axe          ||    99
Invok: Berserk           ||     1
  Use: Scroll            ||     6
Armor: Animal skin       ||    23
Dodge: Dodged            ||   102

Table legend: (Time is in decaauts)
 A = Elapsed time spent in this place.
 B = Non-inter-level travel time spent in this place.
 C = Inter-level travel time spent in this place.
 D = Time resting spent in this place.
 E = Time spent auto-exploring this place.
 F = Levels seen in this place.
 G = Mean time per level.
                   A        B        C        D        E       F      G
               +--------+--------+--------+--------+--------+-----+--------+
         Total |   2452 |   2383 |     69 |    225 |   1774 |   3 |  817.3 |
       Dungeon |   2452 |   2383 |     69 |    225 |   1774 |   3 |  817.3 |
               +--------+--------+--------+--------+--------+-----+--------+

Top non-repeatable levels by time:
     D:2: 1353 daAuts
     D:1: 1008 daAuts
     D:3: 91 daAuts
